Map: New Repugnancy LE

Players

MaNa - Winner!

  • Race: Protoss Protoss
  • Spawn Location: 1:00

HydraOrc

  • Race: Protoss Protoss
  • Spawn Location: 7:00

Event: 2019 WCS Spring

VOD

Have the link to the VOD?

Description

Time

  • Played on: May 17, 2019, 6:30 a.m.
  • Length: 4:11

All games in this series

Show
View Real Time Build Order
Export as new Build Order

MaNa Protoss - Winner!

Build Orders:  

Get SALT Encoding   

  12  0:00  Probe  
  13  0:12  Probe  
  14  0:17  Pylon  
  14  0:24  Probe  
  15  0:32  Probe  
  15  0:38  Gateway  
  15  0:40  Probe  
  16  0:49  Assimilator  
  17  0:51  Probe  
  17  0:56  Assimilator  
  18  1:00  Probe  
  19  1:08  Probe  
  19  1:13  Gateway  
  19  1:17  Probe  
  21  1:28  Cybernetics Core  
  21  1:29  Probe  
  22  1:36  Pylon  
  22  1:41  Probe  
  23  1:54  Probe  
  24  2:05  Warp Gate  
  24  2:06  Probe, Adept x2  
  29  2:17  Pylon  
  29  2:18  Probe  
  29  2:33  Probe  
  29  2:36  Adept x2  
  34  2:53  Nexus  
  34  2:55  Probe  
  35  3:02  Pylon  
  35  3:07  Probe  
  36  3:19  Probe  
  37  3:24  Robotics Facility  
  37  3:28  Shield Battery  
  37  3:37  Probe  
  37  3:40  Shield Battery  
  38  3:49  Probe  
  38  3:54  Stalker x2  
  42  4:06  Gateway  
Show
View Real Time Build Order
Export as new Build Order

HydraOrc Protoss 

Build Orders:  

Get SALT Encoding   

  12  0:01  Probe  
  13  0:13  Probe  
  14  0:23  Pylon  
  14  0:25  Probe  
  15  0:37  Probe  
  16  0:43  Gateway  
  16  0:45  Probe  
  16  0:48  Assimilator  
  17  0:56  Probe  
  17  0:58  Assimilator  
  18  1:04  Probe  
  18  1:11  Gateway  
  19  1:13  Probe  
  20  1:22  Probe  
  21  1:30  Cybernetics Core  
  21  1:34  Probe  
  21  1:39  Pylon  
  22  1:46  Probe  
  23  1:58  Probe  
  23  1:59  Sentry  
  24  2:07  Warp Gate  
  24  2:08  Stalker  
  28  2:10  Probe  
  29  2:16  Pylon  
  29  2:25  Pylon  
  29  2:31  Stalker  
  29  2:34  Probe  
  32  2:40  Stalker  
  34  2:52  Shield Battery  
  34  2:55  Shield Battery  
  34  3:01  Stalker  
  36  3:08  Probe  
  35  3:16  Probe  
  30  3:26  Probe  
  32  3:38  Probe  
  33  3:50  Probe  
  33  3:53  Nexus  
Tags
 
Add a new tag
Caveats
  • Supply blocks, unpowered buildings, or Contaminate may cause inaccurate times.
  • Supply counts are checked every 10 seconds.